 Dungeon Crawl Stone Soup version 0.22-a0-354-g30dfbe6 (webtiles) character file.

1321 4thArraOfDagon the Skirmisher (level 8, -10/100 HPs)
             Began as a Demonspawn Wanderer on Apr 16, 2018.
             Was an Initiate of Cheibriados.
             Mangled by a yak (11 damage)
             ... on level 9 of the Dungeon.
             The game lasted 00:15:25 (2738 turns).

4thArraOfDagon the Skirmisher (Demonspawn Wanderer) Turns: 2738, Time: 00:15:26

Health: -10/100    AC: 10    Str: 17    XL:     8   Next: 33%
Magic:  0/11       EV: 13    Int: 15    God:    Cheibriados [......]
Gold:   196        SH:  0    Dex: 22    Spells: 7/7 levels left

rFire    . . .     SeeInvis .     - Unarmed
rCold    . . .     Gourm    .   (no shield)
rNeg     . . .     Faith    .   j - +0 ring mail
rPois    .         Spirit   +   (no helmet)
rElec    .         Reflect  .   (no cloak)
rCorr    .         Harm     .   (no gloves)
MR       .....                  p - +0 pair of boots {Fly}
Stlth    ..........             (no amulet)
HPRegen  0.26/turn              h - +2 ring of protection
MPRegen  0.12/turn              n - +5 ring of dexterity

@: berserking (expiring), lethally poisoned (-10 -> -11), flying, very slow
A: claws 2, molten scales 1, powered by pain 1, magic shield
a: Bend Time, Renounce Religion, Stop Flying


You were on level 9 of the Dungeon.
You worshipped Cheibriados.
Cheibriados was noncommittal.
You were not hungry.

You visited 1 branch of the dungeon, and saw 9 of its levels.

You collected 196 gold pieces.

Inventory:

Hand Weapons
 a - a +2 shortbow
 d - a +0 long sword
 k - a +0 spear
Missiles
 b - 68 arrows
Armour
 e - a +0 robe
 j - a +0 ring mail (worn)
 o - a +1 pair of boots
 p - a +0 pair of boots of flying (worn)
Jewellery
 h - a +2 ring of protection (left claw)
 n - a +5 ring of dexterity (right claw)
 r - an uncursed ring of stealth
Wands
 g - a wand of polymorph (18)
 m - a wand of flame (7)
Scrolls
 i - a scroll of silence
 l - a scroll of identify
 t - a scroll of teleportation
Potions
 u - a potion of brilliance
Comestibles
 c - 3 chunks of flesh
 f - 7 rations


   Skills:
 - Level 7.0 Fighting
 - Level 5.2 Bows
 + Level 3.7 Dodging
 - Level 1.0 Stealth
   Level 1.0 Shields
 * Level 4.6 Unarmed Combat
 + Level 4.5 Invocations


You had 7 spell levels left.
You didn't know any spells.

Dungeon Overview and Level Annotations

Branches:
Dungeon (9/15)               Lair (0/6) D:8
 Temple: D:4-7          Orc: D:9-12

Altars:
Cheibriados
Fedhas
Ru
Sif Muna
Uskayaw
Vehumet

Annotations:
D:4 RoseArtemis's ghost, novice MiFi
D:6 Dowan; Duvessa; Nib's ghost, novice OpAs
D:9 1 runed door


Innate Abilities, Weirdness & Mutations

You have very sharp fingernails.
You are partially covered in molten scales. (AC +2)
You sometimes gain a little power by taking damage.
When hurt, damage is shared between your health and your magic reserves.


Message History

Cheibriados appreciates the change of pace.
The adder skeleton bites you but does no damage.
Unknown command.
You claw the adder skeleton!
You destroy the adder skeleton!
Cheibriados thoroughly appreciates the change of pace.
Cheibriados seems mollified.
Cheibriados restores the support of your attributes.
* * * LOW HITPOINT WARNING * * *
You feel sick.
Unknown command.
You claw the yak!
The yak is moderately wounded.
The yak barely misses you.
Unknown command.
You claw the yak!
The yak is severely wounded.
* * * LOW HITPOINT WARNING * * *
You feel sick. The yak gores you!
You die...

** *** **,* #..##.##.##
,****,*****##,* #YY##.##..#
*,,,,,,,,,,...######Y###.###.# ##
,****,*,****.>.......#*#+#*#.###.
,* *,,,,,,*.##.###.##*WJh*##.##.
** ***,**,*,*#.....#**ZSR**#....
***** *,**,*,*####.##**s,,**##...
,,,,* *,,,,,,*###Y.#*,+,,,+,*#...
,,_,***###.####(@.##,*******,##..
,,,,,,,.....()()###******,,,**###
,,,,,*,##(....###,,*,,**,**,,*,,#
,*,,,*,*#...##*,,,,,,,*,*,*,,**,*
***,,,,...#**,*,,*,,**,*,*,****,*
,*,,,,,.#**,,,**,*,,*,*,*,*,***,*
,,,,,,**,,,,***,,*,*,*,*,*,*,*,,,
,,,,,,,,***,,,*,**,**,*,*,*,*,*,*
**,,,,,,,,***,,,*,,***,*,*,**,*,*


You could see 4 yaks.

Vanquished Creatures
  2 ogres
  A black bear (D:8)
  5 centaurs
  A bullfrog (D:9)
  3 wights (D:8)
  3 howler monkeys
  A crimson imp (D:9)
  A hound (D:8)
  A jelly (D:9)
  A centaur skeleton (D:7)
  An orc wizard (D:4)
  A gnoll shaman (D:9)
  A worker ant (D:4)
  A hound zombie (D:9)
  A mummy (D:8)
  3 gnolls (D:9)
  3 adders
  An ooze (D:7)
  4 adder skeletons
  An adder zombie (D:8)
  A worm (D:3)
  2 leopard geckos
  5 orcs
  4 giant cockroaches
  6 hobgoblins
  7 jackals
  2 kobolds (D:3)
  A quokka (D:2)
  3 bats
  2 frilled lizards
  2 goblins
  A leopard gecko zombie (D:9)
  A rat (D:1)
73 creatures vanquished.

Notes
Turn   | Place    | Note
-------+----------+-------------------------------------------
     0 | D:1      | 4thArraOfDagon the Demonspawn Wanderer began the quest for the Orb.
     0 | D:1      | 4thArraOfDagon set off with: a +2 shortbow, 23 arrows, a potion of curing, a potion of lignification, a +0 robe, a ration
     0 | D:1      | Reached XP level 1. HP: 22/22 MP: 1/1
   249 | D:2      | Gained mutation: When hurt, damage is shared between your health and your magic reserves. [demonic ancestry]
   249 | D:2      | Reached XP level 2. HP: 28/28 MP: 2/2
   634 | D:4      | Noticed RoseArtemis's ghost (novice MiFi)
   857 | D:2      | Found a deep blue altar of Sif Muna.
   860 | D:2      | Found a hide-covered altar of Uskayaw.
   890 | D:3      | Gained mutation: You are partially covered in molten scales. (AC +2) [demonic ancestry]
   890 | D:3      | Reached XP level 3. HP: 34/34 MP: 3/3
  1075 | D:4      | Gained mutation: You have sharp fingernails. [demonic ancestry]
  1075 | D:4      | Reached XP level 4. HP: 31/40 MP: 2/4
  1194 | D:5      | Entered Level 5 of the Dungeon
  1367 | D:6      | Noticed Nib's ghost (novice OpAs)
  1380 | D:6      | Noticed Duvessa
  1380 | D:6      | Noticed Dowan
  1398 | D:7      | Noticed an ogre
  1405 | D:7      | Killed an ogre
  1405 | D:7      | Reached skill level 5 in Bows
  1405 | D:7      | Reached XP level 5. HP: 23/46 MP: 3/5
  1438 | D:7      | Noticed a centaur
  1508 | D:7      | Killed a centaur
  1508 | D:7      | Reached skill level 1 in Dodging
  1508 | D:7      | Reached XP level 6. HP: 35/53 MP: 3/6
  1596 | D:7      | Noticed a hippogriff
  1622 | D:7      | Noticed an orc warrior
  1659 | D:7      | Found a radiant altar of Vehumet.
  1731 | D:7      | Found a sacrificial altar of Ru.
  1733 | D:7      | Found a blossoming altar of Fedhas.
  1957 | D:8      | Noticed an orc warrior
  2004 | D:8      | Found a snail-covered altar of Cheibriados.
  2014 | D:8      | Became a worshipper of Cheibriados the Contemplative
  2084 | D:8      | Reached skill level 7 in Fighting
  2144 | D:8      | Reached skill level 1 in Unarmed Combat
  2144 | D:8      | Reached skill level 1 in Invocations
  2144 | D:8      | Gained mutation: You sometimes gain a little power by taking damage. [demonic ancestry]
  2144 | D:8      | Reached XP level 7. HP: 37/60 MP: 4/7
  2309 | D:9      | Noticed a yak
  2309 | D:9      | Noticed a yak
  2310 | D:9      | Noticed a yak
  2310 | D:9      | Noticed a yak
  2312 | D:9      | Noticed a yak
  2376 | D:8      | Found a staircase to the Lair.
  2576 | D:9      | Found a runed door.
  2576 | D:9      | Noticed a hungry ghost
  2579 | D:9      | Noticed a slime creature
  2579 | D:9      | Noticed a wolf spider
  2630 | D:9      | Reached * piety under Cheibriados
  2639 | D:9      | Gained mutation: You have very sharp fingernails. [demonic ancestry]
  2639 | D:9      | Reached XP level 8. HP: 34/67 MP: 6/10
  2693 | D:9      | Noticed a rakshasa
  2729 | D:9      | Was placed under penance by Cheibriados
  2731 | D:9      | HP: 5/100 [poisoned by an adder]
  2734 | D:9      | HP: 2/100 [adder skeleton (1)]
  2736 | D:9      | Was forgiven by Cheibriados
  2738 | D:9      | Mangled by a yak

Vault maps used:
D:1:      erik_arrival_cave_to_civilisation
D:2:      gammafunk_temple_overflow_statue, chequers_ecumenical_altar_lobes
D:3:      first_ration, grunt_ministairs_13
D:4:      grunt_ministairs_12, minmay_tree_intersection,
          guppyfry_early_lair_pool
D:5:      minmay_temple_entry_enclosed_plants
D:6:      overflow_temple_1_default, basic_altar, nicolae_tso_besieged_by_evil,
          uniq_grinder, uniq_duvessa, uniq_blork_the_orc
D:7:      lemuel_round_altar, gammafunk_temple_overflow_forgotten
D:8:      hangedman_cross_veins, slow_altar_1, lair_entry_dummy,
          blue_anna_alchemist
D:9:      minmay_the_grid_four_pointed_star, enter_bailey_3, cheibriados_altar_1

Skill      XL: |  1  2  3  4  5  6  7  8 |
---------------+-------------------------+-----
Bows           | 2 3 4 5 |  5.2
Dodging        | 1 2 3 |  3.7
Fighting       | 7 |  7.0
Unarmed Combat | 1 3 4 |  4.6
Invocations    | 1 3 4 |  4.5
Stealth        | |  1.0
Shields        | |  1.0

Action                   |  1- 3 |  4- 6 |  7- 9 || total
-------------------------+-------+-------+-------++-------
Melee: Spear             |    24 |       |       ||    24
       Long sword        |     4 |    76 |       ||    80
       Unarmed           |       |       |    83 ||    83
       Punch             |       |       |     5 ||     5
 Fire: Shortbow          |    91 |    34 |    88 ||   213
Throw: Throwing net      |       |       |     1 ||     1
  Use: Potion            |     1 |     4 |     1 ||     6
       Scroll            |       |     6 |     6 ||    12
 Stab: Sleeping          |       |       |     1 ||     1
  Eat: Ration            |       |     1 |       ||     1
       Chunk             |       |       |     3 ||     3
Armor: Ring mail         |    50 |    83 |    69 ||   202
       Skin              |    17 |       |       ||    17
Dodge: Dodged            |    39 |    87 |   106 ||   232
       Rpst.: Long sword |       |    21 |       ||    21

Table legend:
 A = Spawn XP
 B = Non-spawn XP
 C = Spawn XP percentage of total XP
 D = Spawn monster count
 E = Non-spawn monster count
 F = Spawn count percentage of total count
 G = Total turns spent on level
                    A         B        C        D         E        F      G
               +---------+---------+-------+---------+---------+-------+---------
         Total |       0 |    1888 |   0.0 |       0 |      73 |   0.0 |  2738
               +---------+---------+-------+---------+---------+-------+---------
           D:1 |       0 |       9 |   0.0 |       0 |       6 |   0.0 |   246
           D:2 |       0 |      11 |   0.0 |       0 |       6 |   0.0 |   197
           D:3 |       0 |      22 |   0.0 |       0 |      11 |   0.0 |   471
           D:4 |       0 |      82 |   0.0 |       0 |       5 |   0.0 |   280
           D:5 |       0 |      15 |   0.0 |       0 |       2 |   0.0 |   152
           D:6 |       0 |       3 |   0.0 |       0 |       1 |   0.0 |    41
           D:7 |       0 |     427 |   0.0 |       0 |      13 |   0.0 |   382
           D:8 |       0 |     491 |   0.0 |       0 |      12 |   0.0 |   615
           D:9 |       0 |     828 |   0.0 |       0 |      17 |   0.0 |   354
               +---------+---------+-------+---------+---------+-------+---------
